[Event "1st Sales Oliveira Masters 2022"]
[Site "Sales Oliveira"]
[Date "2022.06.11"]
[Round "6.5"]
[White "Lima, Darcy"]
[Black "Rodi, Luis Ernesto"]
[Result "1-0"]
[ECO "A29"]
[WhiteElo "2488"]
[BlackElo "2351"]
[Annotator "TA"]
[PlyCount "109"]
[EventDate "2022.05.30"]
[EventType "swiss"]
[EventCountry "BRA"]
[SourceTitle "playchess.com"]
[Source "ChessBase"]
[SourceQuality "1"]
[TimeControl "40/5400+30:1800+30"]

1. c4 e5 2. Nc3 Nf6 3. Nf3 Nc6 4. g3 Bb4 5. Bg2 O-O 6. O-O e4 7. Ne1 Bxc3 8. dxc3 d6 9. Nc2 Re8 10. Bg5 h6 11. Bxf6 Qxf6 12. Ne3 {[%emt 0:00:03] A29: English Opening: Four Knights Variation with 4 g3.} Bf5 13. f4 h5 14. Qc2 {[%emt 0:09:58] The position is equal.} Qe6 {[%emt 0:03:47] [#]} 15. Rad1 $146 ({Predecessor:} 15. h3 Ne7 16. Kh2 d5 17. b3 dxc4 18. bxc4 Qb6 19. Qc1 Qg6 20. Qc2 Qb6 21. Qc1 {1-0 (40) Nippula,T (2199)-Kokkila,T (2293) Kajaani 1999}) 15... Bh3 (15... Ne7 $11) 16. Rd5 Bxg2 17. Kxg2 Qh6 18. Rg5 {[%emt 0:01:40] Black must now prevent Nf5. White is more active.} g6 (18... Ne7 $16 {keeps fighting.}) 19. Nd5 $18 Rac8 20. Nf6+ Kf8 21. Nxe8 Rxe8 22. Rb5 b6 {[%emt 0:00:21] [#]} 23. Kh1 ({White must play} 23. Qa4 $1 $18) 23... a6 (23... Ne7 $16 {is a better defense.}) 24. Rd5 h4 {[%emt 0:09:12] [#]} 25. g4 h3 26. e3 Qh4 27. Qe2 Kg7 28. Rg1 Kf8 29. Rg3 Ke7 30. Qf1 Kd8 31. Qxh3 Qf6 32. Qf1 Rh8 33. Rh3 Rh4 34. Qg2 Qh8 (34... a5 $142 35. Qg3 Rxh3 36. Qxh3 a4) 35. Rxh4 Qxh4 {[%emt 0:00:06][%mdl 4096] Endgame KQR-KQN} 36. Qg3 {[%emt 0:01:06] Inhibits Qe1+.} ({Not} 36. Qxe4 Qe1+ 37. Kg2 Ne7 $16) 36... Qh8 37. Kg2 Ne7 38. Rd2 f5 39. g5 Qg8 40. b3 Qh8 41. Qe1 Kc8 42. Rf2 Nc6 43. Kg1 Nd8 44. Rg2 Nb7 45. b4 {[%emt 0:00:46] Inhibits Nc5.} Qg8 $2 (45... Qh3 46. Rd2 a5) 46. h4 {[%emt 0:00:48] White is clearly winning.} Qh8 47. Rh2 Nd8 48. h5 gxh5 49. Qd2 h4 50. Qd5 {[%emt 0:00:21] Inhibits Nc6.} Qxc3 {[%emt 0:00:20] ...Qe1+ is the strong threat.} 51. Re2 {[%emt 0:00:54] Prevents Qe1+.} Qc1+ 52. Kh2 Kb8 53. Qxf5 Qxc4 54. Rg2 h3 55. Qxh3 {[%emt 0:00:24] Weighted Error Value: White=0.14 (very precise) /Black=0.37} 1-0

[Event "1st Sales Oliveira Masters 2022"]
[Site "Sales Oliveira"]
[Date "2022.06.11"]
[Round "7.1"]
[White "Rodi, Luis Ernesto"]
[Black "Fier, Alexandr"]
[Result "1/2-1/2"]
[ECO "B43"]
[WhiteElo "2351"]
[BlackElo "2567"]
[Annotator "TA"]
[PlyCount "111"]
[EventDate "2022.05.30"]
[EventType "swiss"]
[EventCountry "BRA"]
[SourceTitle "playchess.com"]
[Source "ChessBase"]
[SourceQuality "1"]
[TimeControl "40/5400+30:1800+30"]

1. e4 c5 2. Nc3 e6 3. Nf3 a6 4. g3 b5 5. Bg2 Bb7 6. d4 cxd4 7. Nxd4 Nf6 8. O-O b4 9. Na4 Bxe4 {[%emt 0:00:04] B43: Sicilian: Kan Variation: 5 Nc3.} 10. Bxe4 Nxe4 11. c4 Nc5 {[%emt 0:01:49] Black has an edge.} 12. a3 Nxa4 13. Qxa4 {[%emt 0:01:05] [#]} Qb6 $146 ({Predecessor:} 13... bxa3 14. b4 Be7 15. Bxa3 O-O 16. Rfd1 Qc7 17. b5 Bxa3 18. Rxa3 d6 19. Nb3 Nd7 20. bxa6 {1-0 (38) Cornette,D (2448)-Holm,K (2468) Chess.com INT 2019}) 14. Be3 {[%emt 0:01:50] Strongly threatening axb4.} Qb7 15. axb4 Bxb4 16. Nb5 Be7 $1 $17 17. Bf4 {[%emt 0:13:20] Hoping for Nc7+.} O-O 18. Nc7 {[%emt 0:00:13] [#]} (18. Rfd1 $17 {was necessary.}) 18... g5 $1 $19 19. Bxg5 Bxg5 20. Nxa8 Qxa8 21. b4 {[%emt 0:00:06] [#]} Nc6 (21... Bf6 $1 $19 22. Ra3 Nc6 23. Qxa6 Qxa6 24. Rxa6 Nxb4) 22. Qxa6 $17 ({Don't blunder} 22. b5 $2 Nd4 23. Qd1 Nf3+ 24. Kh1 Nd2+ 25. Kg1 Nxf1 26. Qxf1 a5 $19) 22... Qxa6 23. Rxa6 Nxb4 24. Rd6 Rc8 25. Rxd7 Rxc4 26. Ra1 $1 Rc8 {[%emt 0:03:41] Against Ra8} 27. Raa7 Rf8 28. Ra4 Rb8 29. Raa7 Nc6 30. Rab7 {[%emt 0:02:46] Prevents Rb1+.} Rxb7 31. Rxb7 Kg7 32. Kg2 Kg6 33. Rc7 Nb4 34. Rc8 Nd5 35. Rg8+ Kf6 36. Rh8 Kg7 37. Ra8 Be7 38. Rc8 Bb4 39. Rc4 Be7 40. Rc8 $1 e5 {[%emt 0:01:10] Against f4} 41. Rc4 f5 42. Rc6 Kf7 43. Ra6 h5 44. Rc6 Nf6 45. Ra6 Bc5 46. f3 Bd4 47. Ra5 Kg6 48. Ra6 Kg5 49. Rd6 Be3 50. Re6 e4 51. h3 Kg6 52. g4 Bg5 {[%emt 0:01:15] White must now prevent ...exf3+.} 53. gxf5+ {[%emt 0:00:46] The position is equal.} Kxf5 54. Rxf6+ {[%emt 0:00:25][%mdl 64] Remove Defender} Bxf6 55. fxe4+ Kxe4 56. h4 {[%emt 0:00:11] And White is the lucky defender.  Weighted Error Value: White=0.09 (flawless) /Black=0.10 (very precise)} 1/2-1/2

[Event "1st Sales Oliveira Masters 2022"]
[Site "Sales Oliveira"]
[Date "2022.06.11"]
[Round "7.2"]
[White "Diamant, Andre"]
[Black "Lima, Darcy"]
[Result "1/2-1/2"]
[ECO "C98"]
[WhiteElo "2539"]
[BlackElo "2488"]
[Annotator "TA"]
[PlyCount "46"]
[EventDate "2022.05.30"]
[EventType "swiss"]
[EventCountry "BRA"]
[SourceTitle "playchess.com"]
[Source "ChessBase"]
[SourceQuality "1"]
[TimeControl "40/5400+30:1800+30"]

1. e4 e5 2. Nf3 Nc6 3. Bb5 a6 4. Ba4 Nf6 5. O-O Be7 6. Re1 b5 7. Bb3 d6 8. c3 O-O 9. h3 Na5 10. Bc2 c5 11. d4 Qc7 12. Nbd2 Nc6 13. d5 Nd8 14. a4 Rb8 {[%emt 0:00:15] C98: Closed Ruy Lopez: Chigorin Defence: 11 d4 Qc7 12 Nbd2 Nc6.} 15. Nf1 Ne8 (15... c4 $14) 16. g4 g6 17. Ng3 Ng7 18. Bh6 f6 {[%emt 0:00:58] [#]} 19. Kh2 $146 ({Predecessor:} 19. axb5 axb5 20. Qd2 Nf7 21. Be3 Bd7 22. Kh2 Ra8 23. Rac1 Rfb8 24. Rg1 Kh8 25. Rg2 Qb7 26. Rcg1 b4 27. c4 Rg8 {0-1 (56) Guliev,L (2436)-Bruned,Y (2383) Balaguer 2008}) 19... Nf7 20. Be3 {[%emt 0:00:25] White is more active.} Bd7 21. Rg1 Kh8 22. Nd2 Qc8 23. axb5 Qc7 $2 {[%emt 1:26:29][%mdl 40960] Weighted Error Value: White=0.09 (flawless) /Black=0.06 (flawless) . An unexpected result.} (23... axb5 $14 24. f3 Ra8) 1/2-1/2

[Event "1st Sales Oliveira Masters 2022"]
[Site "Sales Oliveira"]
[Date "2022.06.11"]
[Round "7.3"]
[White "Supi, Luis Paulo"]
[Black "Born, Carlos Rodrigo"]
[Result "1-0"]
[ECO "B92"]
[WhiteElo "2590"]
[BlackElo "2292"]
[Annotator "TA"]
[PlyCount "131"]
[EventDate "2022.05.30"]
[EventType "swiss"]
[EventCountry "BRA"]
[SourceTitle "playchess.com"]
[Source "ChessBase"]
[SourceQuality "1"]
[TimeControl "40/5400+30:1800+30"]

1. e4 c5 2. Nf3 d6 3. d4 cxd4 4. Nxd4 Nf6 5. Nc3 a6 6. Be2 e5 7. Nb3 Be6 8. Be3 Nbd7 9. f4 {[%emt 0:00:06] B92: Sicilian Najdorf: 6 Be2.} exf4 {[%emt 0:07:12] has lost popularity (9...Qc7).} 10. Bxf4 Ne5 11. Qd4 {[%emt 0:00:21] The position is equal.} Qc7 12. Qa4+ {[%emt 0:01:53] [#]} Nfd7 $146 (12... Bd7 $11 13. Bb5 Rc8 14. Bxd7+ Nfxd7) ({Predecessor:} 12... Bd7 13. Bb5 Be7 14. O-O-O O-O 15. Bxd7 Nexd7 16. g4 Rfc8 17. g5 Nh5 18. Be3 b5 {½-½ (25) Willmann,B (2216)-Helmer,J (2157) LSS email 2016}) 13. Nd4 $14 O-O-O 14. Nd5 (14. Bg5 $16) 14... Bxd5 $11 15. exd5 g6 16. O-O-O $36 {[%emt 0:03:34][%mdl 2048] White fights for an advantage.} h5 17. h4 {[%emt 0:01:28] aiming for Rh3.} (17. Kb1 $5 ) 17... Bh6 $2 (17... Nb6 $11 {and Black has nothing to worry.} 18. Qb3 Re8) 18. Bxh6 $18 Rxh6 19. Rh3 $1 Nc5 20. Qa3 {[%emt 0:00:26] Black must now prevent Rc3.} a5 21. Rc3 $1 Kd7 22. Rf1 Qb6 (22... Kc8 $2 23. Nb5 Qb6 24. Nxd6+ $1 Qxd6 25. Rxc5+ Kb8 26. Qxa5 $18) 23. Nb3 Rc8 24. Kb1 (24. Nxa5 $16 {Re3 is the strong threat.} f5 25. Nc4 Nxc4 26. Rxc4 (26. Bxc4 Rhh8 $16)) 24... Nxb3 (24... f5 $14) 25. Rxb3 $16 {[%emt 0:03:29] The board is on fire.} ({Much worse is} 25. axb3 $6 Rhh8 $11) (25. cxb3 $6 Rxc3 26. bxc3 Rh8 $11) 25... Qc7 26. Qa4+ Kd8 27. Rc1 Rb8 {[%emt 0:08:39] [#]} (27... Rh8 $142) 28. Qf4 (28. Rc3 $142 $1 Qb6 29. Ra3 (29. Qf4 Rh7 $14)) 28... Rh7 29. Rc3 Qb6 30. Re3 Qc7 31. Qd4 {[%emt 0:00:22] And now Rc3 would win.} (31. a3 {seems wilder.} b5 32. Rc3 Qa7 33. Rb3) 31... Ke7 32. Rc3 {[%emt 0:00:51] White is much more active. The black rooks are badly placed.} (32. g4 $16) 32... Qd8 $11 33. a4 Kf8 34. Rh1 f5 35. Rhh3 b6 36. Rb3 Rhb7 37. Rhc3 Kf7 38. Bb5 Re7 39. g3 Rc7 40. Bc6 Ra7 41. Re3 Kg8 42. Rb5 Kh7 43. Ka2 Kg8 44. Reb3 Ra6 45. Re3 {[%emt 0:00:30] Threatens to win with Rxe5.} (45. c4 $5 ) 45... Ra7 46. Rbb3 (46. Rxe5 $5 dxe5 47. Qxe5 $14) 46... Re7 47. Kb1 Kh7 48. Rbc3 Rc8 49. Ka2 Kg8 50. Rb3 Rb8 51. Kb1 Kh7 52. Ka2 Kg8 53. Bb5 Rc8 54. Rec3 Rxc3 55. Rxc3 Ra7 {[%emt 0:00:30] Prevents Ba6.} (55... Rb7 $11 {remains equal.}) 56. Bc6 $16 Qc7 57. Kb1 Kh7 58. Ka2 Kg8 59. Qe3 Kh7 60. Kb1 Kg7 (60... Ng4 $14 61. Qe6 Ne5) 61. Rb3 Ra6 62. Qe2 Qc8 (62... Ra7 $16 {might work better.}) 63. Qb5 $18 Kh7 64. Rc3 Kg7 $2 {[%emt 0:00:30] [#]} (64... Ra7 {is more resistant.} 65. Qxb6 Qc7) 65. Bd7 $1 Qb7 (65... Qxd7 66. Qxa6) 66. Bc8 {[%emt 0:00:30] Weighted Error Value: White=0.16 (very precise) /Black=0.26 (precise)} 1-0

[Event "1st Sales Oliveira Masters 2022"]
[Site "Sales Oliveira"]
[Date "2022.06.11"]
[Round "7.4"]
[White "Coro, Lucas"]
[Black "Gemy, Jose Daniel"]
[Result "1-0"]
[ECO "C78"]
[WhiteElo "2398"]
[BlackElo "2367"]
[Annotator "TA"]
[PlyCount "93"]
[EventDate "2022.05.30"]
[EventType "swiss"]
[EventCountry "BRA"]
[SourceTitle "playchess.com"]
[Source "ChessBase"]
[SourceQuality "1"]
[TimeControl "40/5400+30:1800+30"]

1. e4 e5 2. Nf3 Nc6 3. Bb5 a6 4. Ba4 Nf6 5. d3 Bc5 6. O-O b5 7. Bb3 d6 8. c3 O-O {[%emt 0:02:17] 8...h6 deserves study.} 9. Nbd2 {[%emt 0:03:43] C78: Ruy Lopez: Archangelsk and Möller Defences.} Ba7 10. h3 Be6 11. Re1 {[%emt 0:01:58] The position is equal.} Bxb3 {[%emt 0:04:23] [#]} 12. Nxb3 $146 ({Predecessor:} 12. Qxb3 Re8 13. Nf1 h6 14. Ne3 Bxe3 15. Bxe3 d5 16. a4 dxe4 17. dxe4 Qd3 18. axb5 axb5 {½-½ (50) Saric,Z (2136)-Berke,A (2163) Topusko 2011}) 12... d5 13. Bg5 {[%emt 0:01:24] White wants to play Bxf6.} dxe4 14. dxe4 Qe7 15. Qc1 h6 16. Be3 Bxe3 17. Qxe3 Nd7 18. Nfd2 a5 19. Nf1 a4 20. Nbd2 Rfd8 21. Qe2 Qc5 22. Ne3 Nf6 23. Rac1 g6 24. Red1 Rd6 25. b4 axb3 $1 26. Nxb3 Rxd1+ 27. Rxd1 Qxc3 {[%emt 0:01:48] White now steadily converts the win.} ({Better is} 27... Qa7 $14) 28. Qf3 $18 Nh5 {[%emt 0:11:09] [#] Hoping for ...Nd4.} 29. Rc1 Nd4 30. Rxc3 {[%emt 0:00:28] Nxd4 is the strong threat.} Nxf3+ 31. gxf3 Rxa2 32. Rxc7 {[%emt 0:17:51] Strongly threatening Ng4.} Nf4 33. Ng4 Nxh3+ 34. Kf1 Rb2 35. Nc1 ({Weaker is} 35. Nxe5 Rxb3 36. Rxf7 g5 $11) ({Don't do} 35. Nxh6+ Kg7 $18) 35... h5 36. Nxe5 {[%emt 0:01:43] Threatens to win with Ncd3.} Rxf2+ 37. Ke1 f5 38. Ncd3 ({Don't play} 38. Nxg6 fxe4 39. fxe4 Rf6 $18) 38... Rg2 $2 (38... Ra2 {might work better.} 39. exf5 Ra1+ 40. Ke2 gxf5) 39. Nc5 $2 (39. Nb4 $18 {is more deadly. Nd5 would kill now.} Rg1+ 40. Kd2 Rg2+ 41. Ke3 f4+ 42. Kd4) 39... Rg1+ $2 (39... Nf4 $16) 40. Kd2 {[%emt 0:00:30] [#] White threatens Ne6 and mate.} Ng5 {[%emt 0:00:16] Against Ne6} 41. Ke3 h4 42. f4 h3 43. Rc8+ {[%emt 0:00:00] White mates.} Kg7 44. fxg5 f4+ 45. Kf2 h2 46. Ne6+ Kh7 47. Rc7+ {[%emt 0:00:08] Weighted Error Value: White=0.30/Black=0.59} 1-0

[Event "1st Sales Oliveira Masters 2022"]
[Site "Sales Oliveira"]
[Date "2022.06.11"]
[Round "7.5"]
[White "Labussiere, Victor"]
[Black "Delgado Ramirez, Neuris"]
[Result "0-1"]
[ECO "E11"]
[WhiteElo "2349"]
[BlackElo "2603"]
[Annotator "TA"]
[PlyCount "54"]
[EventDate "2022.05.30"]
[EventType "swiss"]
[EventCountry "BRA"]
[SourceTitle "playchess.com"]
[Source "ChessBase"]
[SourceQuality "1"]
[TimeControl "40/5400+30:1800+30"]

1. d4 Nf6 2. c4 e6 3. g3 d5 4. Nf3 Bb4+ 5. Bd2 a5 6. Qc2 O-O 7. Bg2 c5 {[%emt 0:01:05] E11: Bogo-Indian.} 8. dxc5 d4 9. Bxb4 axb4 {[%emt 0:00:29] White is slightly better.} 10. Nbd2 Nc6 11. Ng5 h6 (11... e5 {is more complex.} 12. O-O Qe7 13. e3 Bg4) 12. Bxc6 bxc6 13. Ngf3 e5 14. Nxe5 Re8 $1 {[%emt 0:00:05] [#]} 15. Ndf3 $146 {[%emt 0:08:35] And now 0-0 would win.} (15. Nxc6 d3 16. Nxd8 dxc2 $17) ({Predecessor:} 15. Nd3 Bh3 16. Nf4 g5 17. Nd3 Qe7 18. Nb3 Qe4 19. O-O-O Rxa2 20. Nxb4 Ra4 21. Qxe4 Nxe4 {0-1 (68) Karr,J (2366)-Sokolov,A (2528) Drancy 2016}) 15... b3 ({Black should play} 15... Bh3 $1 $17 {[%cal Rh3g2] Hoping for ...Bg2.} 16. Rg1 (16. Nxc6 d3 $15) 16... Qc7) 16. Qd1 $2 (16. Qxb3 $11 Qa5+ 17. Kf1) 16... Qa5+ $19 17. Qd2 (17. Kf1 {is a better defense.} bxa2 18. Nd3) 17... Qxd2+ $1 (17... bxa2 18. Qxa5 Rxa5 19. O-O $11 (19. Nxc6 Rxc5 20. Ncxd4 Rxc4 $11)) (17... Qxc5 18. O-O Rxe5 19. Nxe5 Qxe5 20. axb3 $15) 18. Kxd2 {[%emt 0:00:04] [#]} Ne4+ $1 ({Weaker is} 18... Rxa2 19. Rxa2 Ne4+ 20. Kd3 Nxf2+ 21. Kxd4 bxa2 22. Ra1 $16) ({Inferior is} 18... bxa2 19. Nd3 $11 (19. Nxc6 Ne4+ 20. Kc2 Nxf2 $15)) 19. Kc1 Nxc5 (19... Rxa2 $19 20. Rb1 Ra4) 20. a4 $1 $15 Bf5 {[%emt 0:03:24][%cal Bc8f5,Bf5e4,Be4f3][%mdl 32] Prevents Nd3. Strongly threatening ...Be4.} 21. Re1 $2 {[%emt 0:00:30] [#]} (21. Rd1 $15) 21... Be4 $1 $19 22. Kd2 f6 ({Not} 22... Nxa4 23. Nd3 $11) (22... Rxa4 23. Rxa4 Nxa4 24. e3 $11 (24. Nd3 c5 $15)) 23. Nd3 (23. Nd7 {keeps fighting.} Nxd7 24. Nxd4) 23... Nxd3 {[%emt 0:00:15][%mdl 64] Deflection} 24. exd3 Bxf3 25. Rxe8+ Rxe8 26. Ra3 Re2+ 27. Kc1 Re1+ {[%emt 0:00:08] Weighted Error Value: White=0.96/Black=0.24 (precise)} 0-1

[Event "1st Sales Oliveira Masters 2022"]
[Site "Sales Oliveira"]
[Date "2022.06.12"]
[Round "8.1"]
[White "Fier, Alexandr"]
[Black "Delgado Ramirez, Neuris"]
[Result "1/2-1/2"]
[WhiteElo "2567"]
[BlackElo "2603"]
[Annotator "TA"]
[PlyCount "18"]
[EventDate "2022.05.30"]
[EventType "swiss"]
[EventCountry "BRA"]
[SourceTitle "playchess.com"]
[Source "ChessBase"]
[SourceQuality "1"]
[TimeControl "40/5400+30:1800+30"]

1. e4 c5 2. Nf3 d6 3. d4 cxd4 4. Nxd4 Nf6 5. Nc3 a6 {[%emt 0:00:05] [#]} 6. Be3 $146 ({Predecessor:} 6. a4 e5 7. Nf3 Be7 8. Bg5 Be6 9. Bxf6 Bxf6 10. Nd5 Nd7 11. Bc4 Rc8 12. Qe2 Nb6 13. Nxb6 Qxb6 14. Bxe6 fxe6 15. c3 O-O 16. O-O {0-1 (42) Anand,V (2751)-Giri,A (2761) Stavanger 2022}) 6... Ng4 7. Bc1 Nf6 8. Be3 Ng4 {[%emt 0:00:07] 8...Be6 is the recent fashion.} 9. Bc1 Nf6 1/2-1/2

[Event "1st Sales Oliveira Masters 2022"]
[Site "Sales Oliveira"]
[Date "2022.06.12"]
[Round "8.2"]
[White "Gemy, Jose Daniel"]
[Black "Labussiere, Victor"]
[Result "1-0"]
[ECO "B22"]
[WhiteElo "2367"]
[BlackElo "2349"]
[Annotator "TA"]
[PlyCount "61"]
[EventDate "2022.05.30"]
[EventType "swiss"]
[EventCountry "BRA"]
[SourceTitle "playchess.com"]
[Source "ChessBase"]
[SourceQuality "1"]
[TimeControl "40/5400+30:1800+30"]

1. e4 c5 2. Nf3 Nc6 3. c3 Nf6 4. e5 Nd5 5. d4 cxd4 6. Bc4 Nb6 7. Bb3 g6 8. cxd4 Bg7 9. h4 {[%emt 0:03:30][%cal Bh2h4,Bh4h5][%mdl 32] B22: Sicilian: 2 c3.} d6 10. e6 (10. Ng5 $11 e6 11. f4 (11. Qf3 O-O $17)) 10... fxe6 (10... Bxe6 $15 11. Bxe6 (11. d5 $2 Nxd5 12. O-O Nc7 $19) 11... fxe6) 11. h5 {[%emt 0:02:26] The position is equal.} e5 {[%emt 0:00:22] [#]} 12. d5 $146 ({Predecessor:} 12. hxg6 hxg6 13. Rxh8+ Bxh8 14. dxe5 Nxe5 15. Nxe5 Bxe5 16. Nd2 Qd7 17. Nf3 Bf6 18. Be3 {0-1 (31) Gerard,A (1837)-Grobler,D (2247) ICCF email 2018}) 12... Nd4 13. Nxd4 exd4 14. Nd2 Bf5 {[%emt 0:05:14] Inhibits Ne4.} 15. g4 {[%emt 0:00:54][%mdl 1024] Hoping for h6. White has compensation.} Bd7 16. a4 {[%emt 0:20:12] Threatens to win with hxg6.} a5 (16... Qc8 $5 17. f3 a5 $11) 17. Ne4 {[%emt 0:17:40] Strongly threatening hxg6.} Qc8 18. f3 gxh5 19. Bg5 O-O (19... hxg4 $6 20. Rc1 Qb8 21. fxg4 $17) 20. Rxh5 Qe8 {[%emt 0:01:39] aiming for ...Qf7.} (20... Be8 $5 21. Rh3 Bg6 $15) 21. Rh3 (21. Bd2 $5 ) 21... Rc8 22. Qd3 (22. Bc2 $1 $15) 22... Nxa4 ({Black should play} 22... Qg6 $17 23. Ra3 (23. Bxe7 $2 Rfe8 $19) 23... Rf7) 23. Rxh7 Bb5 {[%emt 0:07:46] [#]} (23... Nxb2 $11 {keeps the balance.} 24. Rxg7+ Kxg7 25. Qxd4+ Kg8 26. Qxb2 Rxf3) 24. Rxg7+ $1 $16 {[%emt 0:00:09][%mdl 64] Remove Defender, Decoy} Kxg7 25. Qxd4+ Kg6 (25... Kg8 {was called for.} 26. Bh6 (26. Rxa4 Rxf3 27. Be3 Bxa4 $17) 26... Rf6 27. Nxf6+ exf6+ 28. Kf2 Qg6 29. Bxa4 Qxh6 30. Bxb5 Rc2+ 31. Ke1 Qh1+ 32. Bf1 Qxf3) 26. f4 $18 (26. Rxa4 Rxf3 27. Nc3 (27. Rxa5 $2 Rxb3 28. Nc3 Rc4 $19) 27... Kxg5 $11) (26. Bxa4 $6 Bxa4 27. Rxa4 Rxf3 $16) 26... Rh8 {[%emt 0:01:22] [#] And now ...Rh1+ would win.} 27. Ng3 {[%emt 0:01:00] Inhibits Rh1+.} (27. f5+ Kf7 28. Bxa4 (28. Rxa4 Rh1+ 29. Kf2 Bxa4 $11) 28... Rh1+ 29. Kf2 Rxa1 $14) 27... Kf7 {[%emt 0:14:30] [#] ...Nc5 is the strong threat.} 28. Nf5 $2 $40 {[%emt 0:00:39][%mdl 128] White attacks.} ({And not} 28. Rxa4 Rc1+ 29. Kd2 Qc8 30. Bxe7 (30. Nf5 $2 Rh2+ 31. Ke3 Re2+ 32. Kf3 Rf1+ 33. Kg3 Qc1 $19) 30... Rh2+ 31. Ke3 Re1+ 32. Kf3 Rxe7 $11) (28. Bxa4 $6 Bxa4 29. Nh5 (29. Qxa4 $2 Rc1+ 30. Kd2 Rxa1 $19) 29... e5 30. fxe5 (30. Qxa4 exf4+ 31. Kd1 Qe5 $14) 30... Qxe5+ 31. Qxe5 dxe5 32. Rxa4 Rc5 $14) (28. Nh5 $1 $18 Rxh5 29. gxh5) 28... Rh1+ $11 29. Kf2 {[%emt 0:00:30][%csl Gf5][%cal Rd4g7] Chess con chili.} Qh8 {[%emt 0:00:00][%mdl 8192] Against Qg7+} 30. Rxh1 $18 {[%emt 0:00:27][%mdl 64] Deflection} Qxh1 31. Qg7+ {[%emt 0:00:03] Weighted Error Value: White=0.30/Black=0.60} 1-0

[Event "1st Sales Oliveira Masters 2022"]
[Site "Sales Oliveira"]
[Date "2022.06.12"]
[Round "8.3"]
[White "Born, Carlos Rodrigo"]
[Black "Coro, Lucas"]
[Result "1-0"]
[ECO "A08"]
[WhiteElo "2292"]
[BlackElo "2398"]
[Annotator "TA"]
[PlyCount "89"]
[EventDate "2022.05.30"]
[EventType "swiss"]
[EventCountry "BRA"]
[SourceTitle "playchess.com"]
[Source "ChessBase"]
[SourceQuality "1"]
[TimeControl "40/5400+30:1800+30"]

1. Nf3 Nf6 2. g3 g6 3. Bg2 Bg7 4. O-O O-O 5. d3 d5 6. Nbd2 c5 7. e4 Nc6 8. exd5 Nxd5 9. Re1 {[%emt 0:00:04] A08: King's Indian Attack.} b6 10. c3 Bb7 11. Nb3 {[%emt 0:02:26] [#] The position is equal.} Qc7 $146 ({Predecessor:} 11... e5 12. a4 Qd7 13. Nbd2 Rfe8 14. Nc4 h6 15. Qb3 Rab8 16. a5 Qc7 17. axb6 axb6 {1-0 (55) Popovic,D (2553)-Goczo,M (2227) Cappelle la Grande 2014}) 12. Qe2 e6 13. d4 cxd4 14. Nbxd4 Nxd4 15. Nxd4 a6 16. a4 Rae8 17. Nc2 e5 18. Rd1 Ne7 19. Bxb7 Qxb7 20. Nb4 a5 21. Nc2 f5 22. Na3 f4 23. Nb5 Nf5 24. Nd6 Nxd6 25. Rxd6 Qc7 26. Rd1 Qc8 27. Ra3 Qe6 28. Re1 (28. c4 $11) 28... g5 $17 29. Qe4 Kh8 ({Better is} 29... Rc8 $17) 30. c4 $1 $11 Rc8 31. Rc3 Rcd8 32. Rd3 Qh3 33. Rxd8 Rxd8 34. b3 Qd7 (34... h6 $11 {remains equal.}) 35. Bb2 $16 Qd3 36. gxf4 (36. Bxe5 $16 Qxe4 37. Rxe4) 36... Qxe4 $14 37. Rxe4 exf4 38. Bxg7+ (38. Be5 $5 ) 38... Kxg7 $16 {[%emt 0:00:30][%mdl 4096] Endgame KR-KR} 39. Re5 Kf6 40. Rb5 Rd6 41. Kg2 g4 42. h3 h5 43. Rxh5 {[%emt 0:00:30] [#] Strongly threatening Rh6+.} Rd3 $2 (43... gxh3+ $11 {and Black stays safe.} 44. Rxh3 Kg5) 44. hxg4 $18 Rxb3 45. c5 {[%emt 0:00:30] Weighted Error Value: White=0.11 (very precise) /Black=0.36} 1-0

[Event "1st Sales Oliveira Masters 2022"]
[Site "Sales Oliveira"]
[Date "2022.06.12"]
[Round "8.4"]
[White "Lima, Darcy"]
[Black "Supi, Luis Paulo"]
[Result "1/2-1/2"]
[ECO "D02"]
[WhiteElo "2488"]
[BlackElo "2590"]
[Annotator "TA"]
[PlyCount "22"]
[EventDate "2022.05.30"]
[EventType "swiss"]
[EventCountry "BRA"]
[SourceTitle "playchess.com"]
[Source "ChessBase"]
[SourceQuality "1"]
[TimeControl "40/5400+30:1800+30"]

1. d4 Nf6 2. Nf3 d5 3. g3 c5 4. Bg2 cxd4 5. O-O h6 6. Bf4 {[%emt 0:08:46] D02: 1 d4 d5 2 Nf3 sidelines, including 2...Nf6 3 g3 and 2...Nf6 3 Bf4.} Nbd7 7. Qxd4 g5 {[%emt 0:00:33] [#]} 8. Bc1 $146 ({Predecessor:} 8. Be5 Bg7 9. Nc3 O-O 10. Bxf6 Nxf6 11. Rad1 e6 12. Qd3 Qb6 13. Qb5 Nd7 14. Qb3 {0-1 (22) Sigeman,J (2120)-Salomon,J (2514) Helsingor 2019}) 8... Bg7 9. Be3 (9. Nc3 $11) 9... Nb6 10. Qb4 Nbd7 (10... Nc4 $11) 11. Qd4 (11. h4 $14) 11... Nb8 {[%emt 0:01:00] An uneventful encounter.  Weighted Error Value: White=0.37/Black=0.23 (precise)} 1/2-1/2